 Dungeon Crawl Stone Soup version 0.30.0-18-gc0e69614cb (webtiles) character file.

Game seed: 1958905978699310885

1880 cowcol the Cleaver (level 8, 0/71 HPs)
             Began as a Minotaur Fighter on May 25, 2023.
             Slain by a killer bee (2 damage)
             ... on level 7 of the Dungeon.
             The game lasted 00:14:39 (6450 turns).

cowcol the Cleaver (Minotaur Fighter)               Turns: 6450, Time: 00:14:40

Health: 0/71       AC: 12    Str: 24    XL:     8   Next: 91%
Magic:  7/7        EV:  8    Int:  5    God:
Gold:   411        SH:  4    Dex:  9    Spells: 7/7 levels left

rFire   . . .        a - +0 war axe
rCold   . . .        c - +0 buckler
rNeg    . . .        A - +0 chain mail
rPois   .            (helmet restricted)
rElec   .            y - +0 cloak
rCorr   .            (no gloves)
SInv    .            (no boots)
Will    .....        (no amulet) Stlth
                     (no ring)
HPRegen 0.31/turn    (no ring)
MPRegen 0.10/turn

%: no passive effects
@: lethally poisoned (0 -> -15)
A: horns 2, retaliatory headbutt
a: no special abilities


You were on level 7 of the Dungeon.
You visited 1 branch of the dungeon, and saw 7 of its levels.

You collected 411 gold pieces.

Inventory:

Hand Weapons
 a - a +0 war axe (weapon)
 l - a +0 long sword
Missiles
 d - 15 poisoned darts (quivered)
 n - 3 javelins
Armour
 b - a +0 scale mail
 c - a +0 buckler (worn)
 y - a +0 cloak (worn)
 A - a +0 chain mail (worn)
Jewellery
 v - a ring of poison resistance
 x - an amulet of guardian spirit
 E - a +6 ring of intelligence
Wands
 e - a wand of acid (12)
 B - a wand of flame (9)
 C - a wand of mindburst (10)
Scrolls
 g - a scroll of poison
 h - a scroll of blinking
 k - a scroll of enchant weapon
 m - a scroll of magic mapping
 p - 2 scrolls of fear
 r - a scroll of vulnerability {unknown}
 t - a scroll of immolation {unknown}
 u - 2 scrolls of fog
 w - 3 scrolls of teleportation
Potions
 f - a potion of lignification {unknown}
 i - a potion of degeneration {unknown}
 o - a potion of magic {unknown}
 q - a potion of invisibility {unknown}
 s - a potion of flight {unknown}
 z - a potion of resistance {unknown}
 D - a potion of brilliance {unknown}


   Skills:
 + Level 6.7 Fighting
 + Level 9.5 Axes
 + Level 2.1 Throwing
 + Level 8.2 Armour
 + Level 5.0 Shields
 + Level 0.1 Evocations


You had 7 spell levels left.
You didn't know any spells.
Your spell library contained the following spells:

 Spells                   Type           Power      Damage    Failure   Level
 Slow                     Hex            0%         N/A       96%         1
 Ensorcelled Hibernation  Hex/Ice        0%         N/A       99%         2
 Confusing Touch          Hex            0%         N/A       100%        3
 Spider Form              Tmut/Pois      0%         N/A       100%        3
 Vampiric Draining        Necr           0%         2d6       100%        3
 Anguish                  Hex/Necr       0%         N/A       100%        4


Dungeon Overview and Level Annotations

Branches:
Dungeon (7/15)
 Temple: D:4-7

Altars:
Ashenzari
Dithmenos
Sif Muna
Wu Jian

Shops:
D:1 [   D:2 [


Innate Abilities, Weirdness & Mutations

You have a pair of horns on your head.
You reflexively headbutt those who attack you in melee.


Message History

* * * LOW HITPOINT WARNING * * *
You are lethally poisoned!
The killer bee poisons you! The killer bee barely misses you.
You feel better.
The killer bee stings you but does no damage.
The killer bee closely misses you. You furiously retaliate!
You headbutt the killer bee! The killer bee stings you.
You block the killer bee's attack.
You closely miss the killer bee.
The killer bee is moderately wounded.
You barely miss the killer bee. The killer bee stings you.
The killer bee closely misses you. The killer bee barely misses you. x2
You miss the killer bee. Your headbutt misses the killer bee.
The killer bee is moderately wounded.
You completely miss the killer bee. The killer bee stings you.
* * * LOW HITPOINT WARNING * * *
You are poisoned.
The killer bee poisons you! The killer bee stings you.
* * * LOW HITPOINT WARNING * * *
You are more poisoned.
The killer bee poisons you! The killer bee closely misses you. x2
You hit the killer bee.
The killer bee is heavily wounded.
You closely miss the killer bee.
You feel very sick. The killer bee barely misses you. x2
The killer bee stings you but does no damage.
The killer bee closely misses you. You furiously retaliate!
You headbutt the killer bee. The killer bee stings you!
* * * LOW HITPOINT WARNING * * *
You are more poisoned.
The killer bee poisons you! The killer bee barely misses you.
You miss the killer bee.
The killer bee is severely wounded.
You miss the killer bee.
* * * LOW HITPOINT WARNING * * *
You feel very sick. The killer bee barely misses you.
You block the killer bee's attack. The killer bee stings you.
You die...

....#.......#
....#.......##
.............#
...............##
.........)......#
#..##..........##
#....###......##
###.......##....#
#.........†@...##
.........yy####
#..........#
#...###...## .
##.##....## .y.
#.........#
.y...#.........#
...?.......#...#
...............#


You could see 2 killer bees.

Vanquished Creatures
  Pikel (D:6)
  A shadow (D:5)
  2 water moccasins (D:5)
  An ice beast (D:6)
  A black bear (D:5)
  A centaur (D:7)
  3 lemures
  A kobold brigand (D:6)
  A bullfrog (D:6)
  6 killer bees
  A howler monkey (D:6)
  A hound (D:4)
  A jelly (D:4)
  2 orc priests
  2 iguanas
  An orc wizard (D:3)
  Ijyb (D:4)
  3 adders
  A shadow imp (D:6)
  A dart slug (D:1)
  15 orcs
  3 bats
  7 endoplasms
  4 giant cockroaches
  7 goblins
  7 hobgoblins
  5 jackals
  12 kobolds
  3 quokkas
  8 ball pythons
  5 frilled lizards
  2 rats
110 creatures vanquished.

Vanquished Creatures (others)
  An iguana (D:6)
1 creature vanquished.

Grand Total: 111 creatures vanquished

Notes
Turn   | Place    | Note
-------+----------+-------------------------------------------
     0 | D:1      | cowcol the Minotaur Fighter began the quest for the Orb.
     0 | D:1      | Reached XP level 1. HP: 19/19 MP: 0/0
   214 | D:1      | Reached XP level 2. HP: 27/27 MP: 1/1
   285 | D:1      | Found Iphudi Loamp's Antique Armour Shop.
   789 | D:2      | Reached skill level 3 in Axes
   789 | D:2      | Reached XP level 3. HP: 33/33 MP: 2/2
  1436 | D:2      | Found Caepel's Antique Armour Emporium.
  1701 | D:3      | Reached skill level 4 in Axes
  1701 | D:3      | Reached XP level 4. HP: 35/40 MP: 3/3
  3050 | D:4      | Reached XP level 5. HP: 46/46 MP: 4/4
  3088 | D:4      | Found a shimmering blue altar of Sif Muna.
  3113 | D:4      | Reached skill level 5 in Axes
  3457 | D:4      | Noticed Ijyb
  3471 | D:4      | Killed Ijyb
  3595 | D:5      | Entered Level 5 of the Dungeon
  3637 | D:5      | Noticed a black bear
  3646 | D:5      | Reached skill level 6 in Axes
  3663 | D:5      | Killed a black bear
  3664 | D:5      | Reached skill level 5 in Armour
  3664 | D:5      | Reached XP level 6. HP: 31/53 MP: 5/5
  3927 | D:5      | Noticed a water moccasin
  3941 | D:5      | Killed a water moccasin
  4065 | D:5      | Reached skill level 5 in Fighting
  4090 | D:5      | Noticed a water moccasin
  4094 | D:5      | Killed a water moccasin
  4095 | D:5      | Reached skill level 7 in Axes
  4095 | D:5      | Reached XP level 7. HP: 57/61 MP: 6/6
  4128 | D:5      | Noticed a shadow
  4155 | D:5      | Killed a shadow
  4156 | D:5      | Reached skill level 1 in Throwing
  4758 | D:5      | Found an ornate altar of the Wu Jian Council.
  4994 | D:6      | Reached skill level 8 in Axes
  5078 | D:6      | Noticed Pikel
  5359 | D:6      | Killed Pikel
  5360 | D:6      | Reached XP level 8. HP: 42/70 MP: 7/7
  5510 | D:5      | Reached skill level 9 in Axes
  5730 | D:6      | Found a broken altar of Ashenzari.
  5742 | D:6      | Found a shadowy altar of Dithmenos.
  6443 | D:7      | Reached skill level 5 in Shields
  6450 | D:7      | HP: 2/71 [poisoned by a killer bee]
  6450 | D:7      | Slain by a killer bee

Illustrated notes

Levels and vault maps discovered:
D:1:      wander_arrival_abandoned_jail, layout_basic, serial_shops, shop
D:2:      layout_loops_corners, serial_shops, shop_fountains,
          kennysheep_generic_room_12
D:3:      layout_loops_ring
D:4:      layout_loops_corners, mainiacjoe_overflow_boulevard, uniq_ijyb
D:5:      layout_cave_pods, nzn_wu_jian_contemplation
D:6:      layout_basic, amethyst_overflow_temple_binary, lemuel_flamethrower_1,
          uniq_pikel
D:7:      layout_cave_pools, minmay_temple_entry_mist,
          kennysheep_generic_room_16

Skill      XL: |  1  2  3  4  5  6  7  8 |
---------------+-------------------------+-----
Armour         | 4 5 7 8 |  8.2
Fighting       | 4 5 6 |  6.7
Shields        | 4 5 |  5.0
Axes           | 3 4 6 7 8 9 |  9.5
Throwing       | 1 2 |  2.1
Evocations     | |  0.1

Action                     |  1- 3 |  4- 6 |  7- 9 || total
---------------------------+-------+-------+-------++-------
  Melee: War axe           |    85 |    93 |   103 ||   281
         Headbutt          |     8 |    17 |    12 ||    37
  Throw: Javelin           |     1 |     6 |     3 ||    10
         Dart              |       |       |    13 ||    13
  Evoke: Wand              |       |     1 |       ||     1
    Use: Potion            |     1 |     1 |     7 ||     9
         Scroll            |       |     5 |     3 ||     8
 Armour: Scale mail        |    48 |    43 |     3 ||    94
         Chain mail        |       |       |    80 ||    80
  Dodge: Dodged            |    32 |    47 |    72 ||   151
  Block: Buckler           |    10 |    13 |    39 ||    62
